 Dungeon Crawl Stone Soup version 0.20.0-10-g0535bb4 (console) character file.

8347 2d6 the Basher (level 11, -5/74 HPs)
             Began as a Gargoyle Fighter on June 3, 2017.
             Was an Initiate of Gozag.
             Slain by a white ugly thing (16 damage)
             ... on level 10 of the Dungeon on June 4, 2017.
             The game lasted 00:51:44 (8765 turns).

2d6 the Basher (Gargoyle Fighter)                   Turns: 8765, Time: 00:51:45

Health: -5/74      AC: 17    Str: 22    XL:     11   Next: 29%
Magic:  14/14      EV: 11    Int:  9    God:    Gozag
Gold:   1128       SH: 10    Dex: 12    Spells: 9/10 levels left

rFire    . . .     SeeInvis .   J - +4 flail (freeze) (curse)
rCold    + . .     Gourm    .   c - +0 shield
rNeg     + . .     Faith    .   L - +0 leather armour of Yrughun {*Corrode +Blink rC+ Dex+2} (curse)
rPois    ∞         Spirit   .   H - +0 helmet
rElec    +         Reflect  .   (no cloak)
rCorr    +         Harm     .   h - +0 pair of gloves
MR       .....                  (no boots)
Stlth    +.........             (no amulet)
Regen    0.3/turn               I - +3 ring of protection
MPRegen  0.2/turn               C - ring of resist corrosion

@: drained
A: blurry vision 1, negative energy resistance 1, robust 1, electricity
resistance, unbreathing, evolution 1, petrification resistance, rot immunity, AC
+7
a: Potion Petition, Call Merchant, Bribe Branch, Renounce Religion, Evoke Blink


You were on level 10 of the Dungeon.
You worshipped Gozag.
Gozag was most pleased with you.
You were not hungry.

You visited 2 branches of the dungeon, and saw 12 of its levels.
You also visited: Ossuary.

You collected 1949 gold pieces.
You spent 403 gold pieces at shops.
You paid 418 gold pieces to Gozag.

Inventory:

Hand Weapons
 a - a +0 flail
 s - a +3 whip of flaming
 J - a cursed +4 flail of freezing (weapon)
 V - a cursed -2 morningstar
Missiles
 i - a throwing net (quivered)
 q - 7 silver tomahawks
Armour
 b - a +0 scale mail
 c - a +0 shield (worn)
 h - a +0 pair of gloves (worn)
 D - a +2 leather armour of magic resistance
 H - a +0 helmet (worn)
 L - the cursed +0 leather armour of Yrughun (worn) {*Corrode +Blink rC+ Dex+2}
   (You bought it in a shop on level 6 of the Dungeon)

   It affects your dexterity (+2).
   It protects you from cold.
   It lets you blink.
   It may corrode you when you take damage.
   It has a curse placed upon it.
 R - a +0 pair of boots
 T - a +2 buckler
Magical Staves
 U - an uncursed staff of conjuration {unknown}
Jewellery
 C - a ring of resist corrosion (right hand)
 I - a +3 ring of protection (left hand)
Wands
 K - a wand of polymorph (14/24)
 P - a wand of random effects (11/48)
Scrolls
 l - 3 scrolls of fear
 n - 11 scrolls of identify
 t - 7 scrolls of remove curse
 w - a scroll of acquirement {unknown}
 x - 2 scrolls of magic mapping {unknown}
 y - 2 scrolls of immolation {unknown}
 z - 4 scrolls of amnesia
 A - 2 scrolls of enchant armour {unknown}
 B - 8 scrolls of teleportation
 E - a scroll of summoning
 F - 4 scrolls of enchant weapon
 N - a scroll of blinking
 S - a scroll of fog
Potions
 d - 2 potions of might
 e - 4 potions of cancellation {unknown}
 j - 2 potions of lignification
 k - 8 potions of curing
 p - 2 potions of magic {unknown}
 r - a potion of flight
 u - 4 potions of heal wounds {unknown}
 v - 5 potions of berserk rage
 M - 2 potions of mutation
 O - a potion of agility {unknown}
 W - a potion of resistance
Books
 G - Sif Muna's Compendium of Attacks and Poisoning
   (You found it on level 5 of the Dungeon)

   Spells                             Type                      Level
   a - Sting                          Conjuration/Poison           1
 Q - a book of Cantrips

   Spells                             Type                      Level
   a - Confusing Touch                Hexes                        1
   b - Animate Skeleton               Necromancy                   1
   c - Summon Small Mammal            Summoning                    1
   d - Apportation                    Translocation                1
Comestibles
 f - 9 bread rations
 g - 9 royal jellies
 m - 3 meat rations
 o - 8 fruits


   Skills:
 - Level 8.2(8.1) Fighting
 + Level 11.6(11.5) Maces & Flails
 - Level 9.0(8.9) Armour
 - Level 3.0(2.9) Dodging
 - Level 5.6(5.5) Shields
 - Level 4.3(4.1) Evocations


You had 9 spell levels left.
You knew the following spells:

 Your Spells              Type           Power        Failure   Level  Hunger
a - Sting                 Conj/Pois      #...         83%         1    ##.....


Dungeon Overview and Level Annotations

Branches:
Dungeon (11/15)            Temple (0/1) D:7             Orc (1/2) D:10
   Lair: D:8-11

Altars:
Cheibriados
Dithmenos
Gozag
Makhleb
Nemelex Xobeh
Qazlal
Ru
Sif Muna
Vehumet
Yredelemnul
The Shining One

Shops:
D:4 %   D:6 (}[%

Portals:
Trove: D:10 (give 8 scrolls of blinking)


Innate Abilities, Weirdness & Mutations

You are resistant to torment.
Your stone body is resilient. (AC +7)
You are immune to poison.
You resist negative energy. (rN+)
You are resistant to electric shocks. (rElec)
You can survive without breathing.
You are immune to petrification.
You are immune to rotting.
Scrolls take you a little longer to read.
You are robust. (+10% HP)
You evolve.


Message History

Something hits you but does no damage. Something hits you but does no damage.
Your surroundings suddenly seem different.
There is an escape hatch in the ceiling here.
A mysterious force pulls you upwards. The hatch slams shut behind you.
You start resting.
A white ugly thing comes into view.
You start resting.
You start resting.
The white ugly thing gurgles horribly!
The white ugly thing claws you but does no damage.
Your shield prevents you from hitting the white ugly thing.
The white ugly thing claws you. The white ugly thing freezes you! You resist.
* * * LOW HITPOINT WARNING * * *
You hit the white ugly thing but do no damage.
The white ugly thing claws you!
* * * LOW HITPOINT WARNING * * *
The white ugly thing freezes you! You resist.
You die...
Your body crumbles into a pile of gold.

.#######.......[.##..............
.................##........##....
.......#.........##........##....
#......#.....#.###.......####....
.......#......................###
≈≈≈##....................#....###
≈≈≈≈#.....##.≈.#.#...............
≈≈≈≈≈.....##≈≈≈#......#....#..##.
≈≈≈≈≈≈###..≈≈≈≈≈@#.........≈...>.
≈≈≈≈≈≈....≈≈≈≈≈≈.u......#.≈≈≈)...
≈≈≈≈≈≈...≈≈≈≈≈≈≈.#.#.##.#≈≈≈≈≈...
≈≈≈≈≈≈≈##≈≈≈≈≈≈≈........≈≈≈≈≈≈≈..
≈≈≈≈≈≈≈.#≈≈≈≈≈≈≈.#...<...≈≈≈≈≈...
≈≈≈≈≈≈≈.#≈≈≈≈≈≈≈##........≈≈≈....
≈≈≈≈≈≈≈.#.≈≈≈≈≈≈.........≈≈≈.....
≈≈≈≈≈≈..#..≈≈≈≈≈###.....≈≈≈≈#....
≈≈≈≈≈≈.###.#≈≈...##....≈≈≈≈≈≈#...


You could see a white ugly thing.

Vanquished Creatures
  A hydra (D:8)
  A two-headed ogre (D:9)
  Pikel (D:4)
  An orc sorcerer (D:10)
  2 dream sheep (D:8)
  A hippogriff (D:8)
  Sigmund (D:6)
  Eustachio (D:5)
  2 yaks (D:8)
  2 hungry ghosts
  A steam dragon (D:10)
  A soldier ant (D:10)
  2 black bears
  A sky beast (D:6)
  6 orc warriors
  2 ice beasts
  6 ogres
  2 centaurs
  A phantom (D:7)
  4 big kobolds
  4 bullfrogs
  A gnoll sergeant (D:9)
  8 scorpions
  5 wights (D:5)
  7 electric eels (D:10)
  3 centaur zombies (Ossuary)
  2 bullfrog zombies
  5 crimson imps
  A quasit (D:9)
  A bullfrog skeleton (D:9)
  3 jellies
  3 orc priests
  2 iguanas (D:10)
  5 worker ants
  Terence (D:3)
  8 orc wizards
  A killer bee zombie (D:8)
  A big kobold zombie (Ossuary)
  3 mummies (Ossuary)
  8 gnolls
  7 adders
  3 scorpion zombies (Ossuary)
  4 shadow imps
  An ooze (D:4)
  An adder zombie (D:9)
  2 worms
  A dart slug (D:3)
  6 leopard geckos
  26 orcs
  4 bats
  12 giant cockroaches
  A gnoll zombie (Ossuary)
  6 goblins
  5 hobgoblins
  12 jackals
  11 kobolds
  3 quokkas
  7 frilled lizards
  A goblin zombie (D:4)
  3 hobgoblin zombies (Ossuary)
  4 kobold zombies (Ossuary)
  A leopard gecko skeleton (D:5)
  3 orc zombies (Ossuary)
  A quokka skeleton (D:4)
  A quokka zombie (D:6)
  5 rats
242 creatures vanquished.

Vanquished Creatures (others)
  A slave (D:6)
  A scorpion (Ossuary)
  A crimson imp (D:6)
  A mummy (D:4)
  An adder (D:10)
  2 worms
  A goblin zombie (Ossuary)
  A kobold zombie (D:4)
9 creatures vanquished.

Grand Total: 251 creatures vanquished

Notes
Turn   | Place    | Note
-------+----------+-------------------------------------------
     0 | D:1      | 2d6 the Gargoyle Fighter began the quest for the Orb.
     0 | D:1      | Reached XP level 1. HP: 14/14 MP: 1/1
   157 | D:1      | Found a glowing golden altar of the Shining One.
   198 | D:1      | Became a worshipper of the Shining One
   224 | D:1      | Reached XP level 2. HP: 16/19 MP: 2/2
   485 | D:1      | Reached skill level 3 in Maces & Flails
  1093 | D:2      | Found a basalt altar of Yredelemnul.
  1118 | D:2      | Found a burning altar of Makhleb.
  1118 | D:2      | Noticed a cacodemon
  1121 | D:2      | Noticed a hellwing
  1121 | D:2      | Noticed a neqoxec
  1164 | D:2      | Reached XP level 3. HP: 23/23 MP: 3/3
  1406 | D:3      | Reached * piety under the Shining One
  1419 | D:3      | Noticed Terence
  1429 | D:3      | Killed Terence
  1429 | D:3      | Reached XP level 4. HP: 23/29 MP: 4/4
  1442 | D:3      | Reached XP level 5. HP: 28/33 MP: 5/5
  1444 | D:3      | Found a snail-covered altar of Cheibriados.
  1516 | D:3      | Found an opulent altar of Gozag.
  1529 | D:3      | Fell from the grace of the Shining One
  1529 | D:3      | Became a worshipper of Gozag Ym Sagoz the Greedy
  1730 | D:3      | Found a sparkling altar of Nemelex Xobeh.
  1992 | D:4      | Reached skill level 5 in Shields
  1992 | D:4      | Reached XP level 6. HP: 16/38 MP: 6/6
  2045 | D:4      | Found Weip's Food Shop.
  2082 | D:4      | Bought a bread ration for 50 gold pieces
  2082 | D:4      | Bought a meat ration for 50 gold pieces
  2082 | D:4      | Bought a bread ration for 50 gold pieces
  2082 | D:4      | Bought a bread ration for 50 gold pieces
  2132 | D:4      | Noticed a slave
  2190 | D:4      | Reached skill level 4 in Maces & Flails
  2319 | D:4      | Reached skill level 5 in Maces & Flails
  2319 | D:4      | Reached XP level 7. HP: 27/43 MP: 7/7
  2409 | D:4      | Noticed Pikel
  2433 | D:4      | Killed Pikel
  2433 | D:4      | Reached skill level 7 in Maces & Flails
  2433 | D:4      | Reached XP level 8. HP: 20/48 MP: 8/8
  2447 | D:4      | Found a sand-covered staircase.
  2455 | Ossuary  | Entered an ossuary
  2699 | Ossuary  | Reached skill level 8 in Maces & Flails
  2888 | Ossuary  | Reached skill level 5 in Armour
  3271 | Ossuary  | Reached skill level 1 in Dodging
  3386 | D:4      | Found a shadowy altar of Dithmenos.
  3683 | D:5      | Entered Level 5 of the Dungeon
  3683 | D:5      | Noticed Eustachio
  3735 | D:5      | Killed Eustachio
  3846 | D:5      | Found a deep blue altar of Sif Muna.
  3875 | D:5      | Identified Sif Muna's Compendium of Attacks and Poisoning
  3884 | D:5      | Learned a level 1 spell: Sting
  4129 | D:5      | Reached XP level 9. HP: 39/53 MP: 9/9
  4250 | D:5      | Found a stormy altar of Qazlal.
  4276 | D:5      | Reached skill level 5 in Fighting
  4522 | D:6      | Found Aqusuepp's Food Shoppe.
  4674 | D:6      | Found Pitso's Antique Armour Shoppe.
  4711 | D:6      | Bought a slimy leather armour for 203 gold pieces
  4721 | D:6      | Identified the cursed +0 leather armour of Yrughun {*Corrode +Blink rC+ Dex+2} (You bought it in a shop on level 6 of the Dungeon)
  4863 | D:6      | Noticed Sigmund
  4867 | D:6      | Killed Sigmund
  4882 | D:6      | Found Utti's Gadget Boutique.
  5007 | D:6      | Reached skill level 1 in Evocations
  5028 | D:6      | Found Tusezeng's Weapon Boutique.
  5527 | D:7      | Found a staircase to the Ecumenical Temple.
  5696 | D:7      | Found a radiant altar of Vehumet.
  5700 | D:7      | Found a sacrificial altar of Ru.
  6001 | D:8      | Reached XP level 10. HP: 64/64 MP: 13/13
  6242 | D:8      | Reached skill level 9 in Maces & Flails
  6402 | D:8      | Noticed a three-headed hydra
  6412 | D:8      | Killed a three-headed hydra
  6692 | D:9      | Noticed a two-headed ogre
  6703 | D:9      | Killed a two-headed ogre
  6815 | D:9      | Reached skill level 10 in Maces & Flails
  6990 | D:9      | Reached XP level 11. HP: 68/68 MP: 14/14
  7156 | D:10     | Entered Level 10 of the Dungeon
  7564 | D:10     | Found a portal to a secret trove of treasure.
  7640 | D:10     | Reached skill level 11 in Maces & Flails
  7832 | D:10     | Found a staircase to the Orcish Mines.
  7841 | Orc:1    | Entered Level 1 of the Orcish Mines
  7841 | Orc:1    | Noticed an orc sorcerer
  7844 | Orc:1    | Noticed an orc knight
  7865 | D:10     | Killed an orc sorcerer
  7871 | D:10     | HP: 3/102 [orc warrior/long sword[an orc knight] (8)]
  8601 | D:11     | Gained mutation: Scrolls take you a little longer to read. [potion of mutation]
  8601 | D:11     | Gained mutation: You are robust. (+10% HP) [potion of mutation]
  8601 | D:11     | Gained mutation: You evolve. [potion of mutation]
  8713 | D:10     | Noticed a white ugly thing
  8765 | D:10     | Slain by a white ugly thing

Skill      XL: |  1  2  3  4  5  6  7  8  9 10 11 |
---------------+----------------------------------+-----
Maces & Flails | 3 5 7 8 10 11 | 11.6
Armour         | 4 6 9 |  9.0
Fighting       | 4 8 |  8.2
Shields        | 4 5 |  5.6
Dodging        | 3 |  3.0
Evocations     | 4 |  4.3

Action                   |  1- 3 |  4- 6 |  7- 9 | 10-12 || total
-------------------------+-------+-------+-------+-------++-------
Melee: Flail             |   110 |   202 |   168 |   326 ||   806
       Whip              |       |       |   291 |       ||   291
Invok: Potion Petition   |       |     1 |       |     2 ||     3
Evoke: Wand              |       |       |       |     5 ||     5
  Use: Scroll            |     1 |     2 |     8 |     4 ||    15
       Potion            |       |       |     1 |     5 ||     6
 Stab: Distracted        |       |     1 |     1 |     2 ||     4
  Eat: Chunk             |     2 |     1 |       |       ||     3
       Bread ration      |       |     1 |       |     1 ||     2
       Fruit             |       |       |     5 |     8 ||    13
       Meat ration       |       |       |     1 |       ||     1
       Royal jelly       |       |       |       |     2 ||     2
Armor: Scale mail        |    77 |   119 |    95 |       ||   291
       Leather armour    |       |       |    55 |   147 ||   202
       Skin              |       |       |       |     3 ||     3
Dodge: Dodged            |    30 |    72 |   115 |    95 ||   312
Block: Shield            |    52 |   111 |   208 |   114 ||   485

Vault maps used:
D:1:      dpeg_arrival_refuge, tso_metal_star
D:2:      minmay_roachtagon, makhleb_altar_promises_db, lemuel_doored_altar
D:3:      kennysheep_slug_shrine, nicolae_overflow_hidden_temple,
          grunt_gozag_statues, uniq_terence
D:4:      nicolae_overflow_crystal_walls, serial_shops, shop,
          nicolae_ossuary_entry_giza, uniq_pikel
D:5:      led_sif_book, lemuel_crystal_altar, first_bread, uniq_eustachio
D:6:      serial_shops, nicolae_shop_behind_doors, shop, shop, shop,
          uniq_sigmund
D:7:      minitemple, minmay_temple_entry_junction
D:8:      black_bear_nest_1, hangedman_ranch
D:10:     david_orc_1_choice, enter_trove_1
D:11:     lair_entry_dummy, nicolae_ru_sacrificial_ziggurat
Orc:1:    david_defended_altar_orc
Ossuary:  ossuary_minmay_scorpions
